 Dungeon Crawl Stone Soup version 0.23.2-33-g5129a83184 (webtiles) character file.

Game seed: 7437647462465057033

158 dvd the Firebug (level 5, 0/37 HPs)
             Began as a Demonspawn Fire Elementalist on July 26, 2019.
             Slain by an ogre
             ... wielding a +0 giant spiked club
              (17 damage)
             ... on level 3 of the Dungeon.
             The game lasted 00:05:38 (2782 turns).

dvd the Firebug (Demonspawn Fire Elementalist)      Turns: 2782, Time: 00:05:38

Health: 0/37       AC:  4    Str:  9    XL:     5   Next: 16%
Magic:  3/10       EV: 12    Int: 17    God:
Gold:   136        SH:  0    Dex: 13    Spells: 7/10 levels left

rFire    . . .     SeeInvis .   t - +0 short sword
rCold    + . .     Gourm    .   (no shield)
rNeg     . . .     Faith    .   a - +0 robe
rPois    .         Spirit   .   (helmet restricted)
rElec    .         Reflect  .   (no cloak)
rCorr    .         Harm     .   l - +0 pair of gloves
MR       .....                  (no boots)
Stlth    ++........             v - amulet of regeneration
HPRegen  0.52/turn              f - ring of wizardry
MPRegen  0.12/turn              (no ring)

@: very slightly contaminated
A: antennae 1, beak, rugged brown scales 1, cold resistance 1, spiny 1
a: no special abilities


You were on level 3 of the Dungeon.
You were not hungry.

You visited 1 branch of the dungeon, and saw 3 of its levels.

You collected 136 gold pieces.

Inventory:

Hand Weapons
 g - a +0 dagger
 t - a +0 short sword (weapon)
 B - a +0 morningstar
Missiles
 x - 7 javelins (quivered)
Armour
 a - a +0 robe (worn)
 i - a +0 ring mail
 l - a +0 pair of gloves (worn)
Jewellery
 e - an uncursed amulet of the acrobat
 f - a ring of wizardry (left hand)
 v - an amulet of regeneration (around neck)
Scrolls
 b - 2 scrolls of enchant weapon {unknown}
 d - 5 scrolls of identify {unknown}
 h - a scroll of remove curse {unknown}
 j - 2 scrolls of enchant armour {unknown}
 n - a scroll of immolation {unknown}
 o - a scroll of blinking {unknown}
 s - 2 scrolls of teleportation {unknown}
 u - a scroll of random uselessness {unknown}
 y - 2 scrolls of fog {unknown}
Potions
 k - a potion of brilliance {unknown}
 m - a potion of degeneration {unknown}
 p - a potion of mutation
 q - 2 potions of lignification {unknown}
 r - a potion of resistance {unknown}
 w - a potion of haste {unknown}
 A - a potion of might {unknown}
Comestibles
 c - 3 rations
 z - a chunk of flesh


   Skills:
 + Level 0.4 Fighting
 + Level 0.2 Short Blades
 + Level 2.1 Dodging
 + Level 2.2 Stealth
 + Level 3.4 Spellcasting
 + Level 2.1 Conjurations
 + Level 3.5 Fire Magic


You had 7 spell levels left.
You knew the following spells:

 Your Spells              Type           Power        Failure   Level  Hunger
a - Flame Tongue          Conj/Fire      ##...        2%          1    None
b - Throw Flame           Conj/Fire      ##....       3%          2    ##.....

Your spell library contained the following spells:

 Spells                   Type           Power        Failure   Level  Hunger
 Conjure Flame            Conj/Fire      ##......     6%          3    ###....
 Inner Flame              Hex/Fire       #.......     10%         3    ###....
 Sticky Flame             Conj/Fire      ##......     21%         4    ####...
 Fireball                 Conj/Fire      ##........   47%         5    ######.


Dungeon Overview and Level Annotations

Branches:
Dungeon (3/15)

Altars:


Innate Abilities, Weirdness & Mutations

You have a pair of small antennae on your head.
Your flesh is cold resistant. (rC+)
You are partially covered in sharp spines.
You have a beak for a mouth.
You are partially covered in rugged brown scales. (AC +1, +3% HP)


Message History

You are very lightly contaminated with residual magic.
Nothing appears to happen.
The ball python is struck by your spines.
You kill the ball python!
Casting: Flame Tongue (safe; 2% risk of failure)
Confirm with . or Enter, or press ? or * to list all spells.
Aiming: Flame Tongue (safe; 2% risk of failure)
Press: ? - help, Shift-Dir - straight line, f/p - ogre
Aim: an ogre, wielding a +0 giant spiked club (heavily wounded)
The flame tongue hits the ogre.
The ogre is heavily wounded.
Casting: Flame Tongue (safe; 2% risk of failure)
Confirm with . or Enter, or press ? or * to list all spells.
Aiming: Flame Tongue (safe; 2% risk of failure)
Press: ? - help, Shift-Dir - straight line, f/p - ogre
Aim: an ogre, wielding a +0 giant spiked club (heavily wounded)
The flame tongue hits the ogre but does no damage.
The ogre is heavily wounded.
The ogre hits you with a +0 giant spiked club!
You die...

....... #.........
....... +.........
?...... #.........
....... ##.#.#.##.
....... #.#.#.##. .......
#.#.#.##.
.......##########.#.#.<..
.......O..........#.#####
..^....#@................
#...#+##.########......##
#.. #.........# #........
# ####.####.# #.#'#.#.#
#.# #.#.#.#.# #..
#.#.#.#.# #... #.#.#.#.#
..... #.#.#.#.# ......
#.#+#.#.#


You could see an ogre.

Vanquished Creatures
  A scorpion (D:3)
  A worker ant (D:3)
  3 adders
  A worm (D:2)
  2 dart slugs
  A leopard gecko (D:3)
  5 orcs (D:3)
  6 bats
  9 goblins
  4 hobgoblins
  A quokka (D:3)
  A ball python (D:3)
  2 frilled lizards (D:1)
  4 kobolds
  9 rats
50 creatures vanquished.

Notes
Turn   | Place    | Note
-------+----------+-------------------------------------------
     0 | D:1      | dvd the Demonspawn Fire Elementalist began the quest for
                  | the Orb.
     0 | D:1      | Reached XP level 1. HP: 13/13 MP: 3/3
   433 | D:1      | Gained mutation: You are partially covered in sharp spines.
                  | [demonic ancestry]
   433 | D:1      | Reached XP level 2. HP: 19/19 MP: 0/5
   551 | D:1      | Learned a level 2 spell: Throw Flame
  1410 | D:2      | Reached XP level 3. HP: 24/24 MP: 3/6
  2174 | D:3      | Gained mutation: You have a beak for a mouth. [potion of
                  | mutation]
  2174 | D:3      | Gained mutation: You are partially covered in rugged brown
                  | scales. (AC +1, +3% HP) [potion of mutation]
  2175 | D:3      | Gained mutation: Your flesh is cold resistant. (rC+)
                  | [demonic ancestry]
  2175 | D:3      | Reached XP level 4. HP: 8/30 MP: 0/8
  2267 | D:3      | HP: 1/31 [poisoned by a scorpion]
  2273 | D:3      | HP: 1/31 [poisoned by a scorpion]
  2486 | D:3      | Gained mutation: You have a pair of small antennae on your
                  | head. [demonic ancestry]
  2486 | D:3      | Reached XP level 5. HP: 37/37 MP: 1/10
  2773 | D:3      | Noticed an ogre
  2782 | D:3      | Slain by an ogre

Skill      XL: |  1  2  3  4 |
---------------+-------------+-----
Fire Magic     | 3 |  3.5
Dodging        | 2 |  2.1
Stealth        | 2 |  2.2
Spellcasting   | 3 |  3.4
Conjurations   | 2 |  2.1
Fighting       | |  0.4
Short Blades   | |  0.2

Action                   |  1- 3 |  4- 6 || total
-------------------------+-------+-------++-------
Melee: Unarmed           |     5 |       ||     5
       Dagger            |    18 |       ||    18
       Short sword       |     3 |    10 ||    13
       Peck              |       |     1 ||     1
 Cast: Flame Tongue      |    42 |    24 ||    66
       Throw Flame       |    12 |     5 ||    17
  Use: Potion            |     2 |       ||     2
 Stab: Sleeping          |     1 |     1 ||     2
  Eat: Chunk             |     5 |     2 ||     7
Armor: Robe              |     9 |     4 ||    13
Dodge: Dodged            |    22 |     6 ||    28
